 Dungeon Crawl Stone Soup version 0.31-a0-986-g5e6e4ef867 (webtiles) character file.

Game seed: 16900852777044858379

4949 horus123 the Fighter (level 10, -12/139 HPs)
             Began as a Hill Orc Fighter on Nov 22, 2023.
             Was a Follower of Beogh.
             Killed by vampiric draining
             ... invoked by osoart's ghost
              (14 damage)
             ... on level 8 of the Dungeon.
             The game lasted 00:19:13 (8469 turns).

horus123 the Fighter (Hill Orc Fighter)             Turns: 8469, Time: 00:19:13

Health: -12/139    AC: 25    Str: 30    XL:     10   Next: 52%
Magic:  0/16       EV:  2    Int:  8    God:    Beogh [*.....]
Gold:   352        SH: 13    Dex: 10    Spells: 9/9 levels left

rFire   . . .        r - +2 morningstar (freeze)
rCold   . . .        Q - +0 tower shield
rNeg    . . .        k - melded +0 chain mail
rPois   +            d - melded +0 helmet
rElec   .            G - melded +0 cloak
rCorr   .            t - melded +0 pair of gloves
SInv    .            (boots currently unavailable)
Will    .....        l - amulet of guardian spirit
Stlth   +            x - +4 ring of slaying
HPRegen 0.43/turn    F - +6 ring of strength
MPRegen 0.15/turn

%: guardian spirit
@: tree-form
A: stationary, stasis, torment immunity, boosted hp
a: Renounce Religion


You were on level 8 of the Dungeon.
You worshipped Beogh.
Beogh was aware of your devotion.
You were a tree.
You visited 1 branch of the dungeon, and saw 8 of its levels.
You also visited: Ossuary.

You collected 564 gold pieces.
You spent 212 gold pieces at shops.

Inventory:

Hand Weapons
 r - a +2 morningstar of freezing (weapon)
Missiles
 J - 4 javelins
Armour
 c - a +2 buckler
 d - a +0 helmet (melded)
 k - a +0 chain mail (melded)
 t - a +0 pair of gloves (melded)
 G - a +0 cloak (melded)
 Q - a +0 tower shield (worn)
Jewellery
 l - an amulet of guardian spirit (around neck)
 x - a +4 ring of slaying (left branch)
 y - a +6 ring of intelligence
 F - a +6 ring of strength (right branch)
 N - an amulet of reflection
Wands
 m - a wand of flame (6) (quivered)
 n - a wand of digging (5)
 u - a wand of iceblast (2)
 v - a wand of charming (21)
 D - a wand of polymorph (13)
 P - a wand of acid (8)
Scrolls
 e - 4 scrolls of teleportation
 g - a scroll of vulnerability
 o - 5 scrolls of fog
 p - a scroll of noise
 z - a scroll of amnesia
 C - a scroll of blinking
 H - 3 scrolls of poison
 M - a scroll of summoning
Potions
 f - a potion of attraction
 h - 2 potions of brilliance {unknown}
 i - 4 potions of degeneration
 j - 3 potions of haste {unknown}
 q - a potion of heal wounds {unknown}
 s - 4 potions of lignification
 w - a potion of ambrosia {unknown}
 A - 2 potions of mutation {unknown}
 B - a potion of invisibility {unknown}
 E - 2 potions of resistance {unknown}
 L - a potion of cancellation {unknown}


   Skills:
 - Level 10.0 Fighting
 - Level 2.6(7.9) Axes
 - Level 9.8(10.0) Maces & Flails
 - Level 7.0 Armour
 - Level 6.0 Shields
 + Level 8.0 Invocations


You had 9 spell levels left.
You didn't know any spells.
Your spell library contained the following spells:

 Spells                   Type           Power      Damage    Failure   Level
 Kiss of Death            Conj/Necr      0%         2d5       85%         1
 Shock                    Conj/Air       0%         1d3       85%         1
 Ensorcelled Hibernation  Hex/Ice        0%         N/A       94%         2
 Passwall                 Tmut/Erth      0%         N/A       94%         2
 Static Discharge         Conj/Air       0%         3-3/arc   94%         2
 Sublimation of Blood     Necr           0%         N/A       94%         2
 Wereblood                Tmut           0%         N/A       94%         2
 Confusing Touch          Hex            0%         N/A       99%         3
 Swiftness                Air            0%         N/A       99%         3
 Airstrike                Air            0%         2d(0-16)  100%        4
 Dispel Undead            Necr           0%         3d6       100%        4
 Summon Lightning Spire   Summ/Air       0%         N/A       100%        4
 Summon Hydra             Summ           0%         N/A       100%        7


Dungeon Overview and Level Annotations

Branches:
Dungeon (8/15)             Temple (0/1) D:7         Ossuary (visited)
   Lair: D:8-11

Altars:
Dithmenos
Fedhas
Hepliaklqana
Kikubaaqudgha
Okawaru
Trog

Shops:
D:6 ?   D:8 *

Annotations:
D:8 1 transporter, osoart's ghost, novice DsNe


Message History

You closely miss osoart's ghost.
Osoart's ghost is heavily damaged.
Osoart's ghost barely misses you.
You barely miss osoart's ghost.
Osoart's ghost is heavily damaged.
Osoart's ghost hits you!
You impale osoart's ghost!! You freeze osoart's ghost.
Osoart's ghost is almost destroyed.
Osoart's ghost draws life force from you!!
Osoart's ghost is healed by the life force!
Osoart's ghost draws life force from you!
* * * LOW HITPOINT WARNING * * *
Osoart's ghost is healed by the life force!
It was a potion of lignification.
You turn into a tree.
Your +0 cloak melds into your body.
Your +0 helmet melds into your body.
Your +0 pair of gloves melds into your body.
Your +0 chain mail melds into your body.
Your roots penetrate the ground.
You block osoart's ghost's attack.
You closely miss osoart's ghost.
Osoart's ghost is heavily damaged.
Osoart's ghost screams, "Don't try to defend!
You have no chance!"
Osoart's ghost draws life force from you!
* * * LOW HITPOINT WARNING * * *
Osoart's ghost is healed by the life force!
You hit osoart's ghost. You freeze osoart's ghost.
Osoart's ghost is heavily damaged.
You block osoart's ghost's attack.
You sock osoart's ghost! You freeze osoart's ghost.
Osoart's ghost is severely damaged.
Osoart's ghost draws life force from you!!
* * * LOW HITPOINT WARNING * * *
Osoart's ghost is healed by the life force!
You puncture osoart's ghost! You freeze osoart's ghost.
Osoart's ghost is severely damaged.
Osoart's ghost hits you but does no damage.
You hit osoart's ghost. You freeze osoart's ghost.
Osoart's ghost is severely damaged.
You block osoart's ghost's attack.
Osoart's ghost draws life force from you!
You die...

#####'###.# #..##..#..........
#######.....####..##..#..........
...)...........#.#..#.#©..##.....
...............#©....$#.....###..
.#####.........#)#..#$#©.##..##..
.# #...#.....#..##..#..........
.######'##.....#O.##..#..........
.##..........###W#..#.#..........
.##..........# #♣)....#..........
.##..........##########..)....#..
.##.........###.........#.....#..
.###........###...............#..
.# #..................#.......##.
.######...............#.....##...
......................#.....##...
######................#......#...
#......###.......###....#...


You could see an ogre and osoart's ghost.

Vanquished Creatures
  Amaemon (D:8)
  Pikel (D:7)
  An orange demon (D:8)
  Jeremiah (D:7)
  2 wyverns (D:8)
  2 steam dragons (D:8)
  Duvessa (D:7)
  2 ice beasts
  A black bear (D:5)
  2 sky beasts
  A centaur (D:7)
  3 ogres (D:8)
  A kobold brigand (D:5)
  2 phantoms
  3 bullfrogs
  A gnoll sergeant (D:6)
  9 wights
  Dowan (D:7)
  A howler monkey (D:8)
  6 centaur zombies (Ossuary)
  A hound (D:5)
  A jelly (D:6)
  3 orc priests
  5 iguanas
  Jessica (D:2)
  2 orc wizards
  Ijyb (D:3)
  5 mummies (Ossuary)
  10 gnolls
  6 adders
  3 white imps
  2 ufetubi (D:4)
  A worm (D:3)
  A dart slug (D:4)
  19 orcs
  8 endoplasms
  2 giant cockroaches
  16 goblins
  12 hobgoblins
  3 jackals (D:1)
  2 quokkas (D:1)
  9 ball pythons
  7 bats
  A frilled lizard (D:1)
  3 hobgoblin zombies (Ossuary)
  9 kobolds
  2 rats
177 creatures vanquished.

Vanquished Creatures (others)
  A hound (D:4)
  2 orcs (D:4)
3 creatures vanquished.

Grand Total: 180 creatures vanquished

Notes
Turn   | Place    | Note
-------+----------+-------------------------------------------
     0 | D:1      | horus123 the Hill Orc Fighter began the quest for the Orb.
     0 | D:1      | Reached XP level 1. HP: 19/19 MP: 1/1
    64 | D:1      | Reached skill level 4 in Fighting
   122 | D:1      | Reached XP level 2. HP: 27/27 MP: 2/2
   405 | D:1      | Reached skill level 5 in Fighting
   405 | D:1      | Reached XP level 3. HP: 29/36 MP: 3/3
   703 | D:2      | Identified the "Locunox"
   707 | D:2      | Noticed Jessica
   710 | D:2      | Killed Jessica
   733 | D:2      | Found a bloodstained altar of Trog.
   793 | D:2      | Reached XP level 4. HP: 44/44 MP: 4/4
  1244 | D:2      | Found a faded altar of an unknown god.
  1369 | D:2      | Reached skill level 6 in Fighting
  1732 | D:3      | Reached skill level 1 in Maces & Flails
  2103 | D:3      | Noticed Ijyb
  2137 | D:3      | Killed Ijyb
  2138 | D:3      | Reached XP level 5. HP: 28/50 MP: 5/5
  2597 | D:3      | HP: 1/50 [orc/+0 flail (7)]
  3335 | D:4      | Noticed a phantom
  3347 | D:4      | Killed a phantom
  3348 | D:4      | Reached XP level 6. HP: 39/57 MP: 2/6
  3352 | D:4      | Reached skill level 5 in Maces & Flails
  3570 | D:4      | Found a hazy altar of Hepliaklqana.
  3574 | D:4      | Found a shadowy altar of Dithmenos.
  3576 | D:4      | Noticed a shadow
  3969 | D:4      | Became a worshipper of Beogh the Brigand
  4174 | D:5      | Entered Level 5 of the Dungeon
  4253 | D:5      | Reached XP level 7. HP: 44/63 MP: 2/7
  4597 | D:5      | Found a blossoming altar of Fedhas.
  4605 | D:5      | Found an ancient bone altar of Kikubaaqudgha.
  5024 | D:6      | Reached XP level 8. HP: 68/70 MP: 6/8
  5507 | D:6      | Found Curoer's Magic Scroll Shoppe.
  5510 | D:6      | Bought a scroll of brand weapon for 123 gold pieces
  5511 | D:6      | Bought a scroll of identify for 26 gold pieces
  5595 | D:7      | Found a staircase to the Ecumenical Temple.
  5847 | D:7      | Noticed Jeremiah
  5849 | D:7      | Noticed Pikel
  5859 | D:7      | Killed Pikel
  5860 | D:7      | Reached XP level 9. HP: 34/75 MP: 3/9
  5864 | D:7      | Killed Jeremiah
  6012 | D:7      | Found an iron altar of Okawaru.
  6068 | D:7      | Reached skill level 5 in Shields
  6085 | D:7      | Noticed Dowan
  6087 | D:7      | Noticed Duvessa
  6094 | D:7      | Killed Duvessa
  6099 | D:7      | Killed Dowan
  6099 | D:7      | Reached * piety under Beogh
  6532 | D:7      | Reached skill level 7 in Fighting
  6657 | D:7      | Reached skill level 8 in Fighting
  7049 | D:8      | Reached skill level 9 in Fighting
  7137 | D:8      | Found a sand-covered staircase.
  7186 | D:8      | Reached XP level 10. HP: 72/92 MP: 8/10
  7192 | D:8      | Reached skill level 10 in Fighting
  7192 | D:8      | Reached skill level 1 in Invocations
  7195 | Ossuary  | Entered an ossuary
  7559 | D:8      | Noticed an orange demon
  7560 | D:8      | Noticed Amaemon
  7802 | D:8      | Noticed osoart's ghost (novice DsNe)
  7804 | D:8      | Found a transporter.
  7939 | D:8      | Identified the +7 long sword "Goblinbane" {antimagic, rElec
                  | Will- Dex+3 Stlth+}
  8045 | D:8      | Found Acvisaro's Mass Market.
  8053 | D:8      | Bought a +0 tower shield for 63 gold pieces
  8163 | D:8      | Killed an orange demon
  8164 | D:8      | Reached skill level 5 in Invocations
  8213 | D:8      | Killed Amaemon
  8213 | D:8      | Reached ** piety under Beogh
  8372 | D:8      | Found a transporter.
  8467 | D:8      | HP: 1/139 [osoart's ghost/vampiric draining (21)]
  8469 | D:8      | Killed from afar by osoart's ghost

Illustrated notes

Levels and vault maps discovered:
D:1:      lemuel_arrival_broad_hall, layout_loops_ring
D:2:      minmay_general_purpose_star, layout_loops_corners, basic_altar,
          shapermc_ecumenical_altar_rom_forum, uniq_jessica
D:3:      kennysheep_the_goblin_king, layout_basic, kennysheep_generic_room_15
D:4:      layout_basic, riverfiend_overflow_shadow_ancestor, minmay_cupped
D:5:      layout_cave_pools, grunt_temple_overflow_growth_and_decay,
          abandoned_shop, hangedman_abyss_or_decor_stagger,
          minmay_misc_feat_square
D:6:      layout_basic, serial_shops, nicolae_shop_rolled_up,
          minmay_misc_feat_four_crosses
D:7:      layout_cave_pods, kennysheep_okawaru_gauntlet,
          minmay_temple_entry_tees, uniq_duvessa, uniq_pikel, uniq_jeremiah
D:8:      layout_basic, nicolae_ossuary_entry_false_entrances,
          gammafunk_ghost_smash, serial_bayou_lagoon_a, minmay_shop_mass,
          hex_medium, uniq_amaemon

Skill      XL: |  1  2  3  4  5  6  7  8  9 10 |
---------------+-------------------------------+-----
Fighting       | 4 5 6 9 10 | 10.0
Maces & Flails | 2 4 6 8 9 |  9.8
Armour         | 6 7 |  7.0
Shields        | 6 |  6.0
Invocations    | 8 |  8.0
Axes           | |  2.6

Action                     |  1- 3 |  4- 6 |  7- 9 | 10-12 || total
---------------------------+-------+-------+-------+-------++-------
  Melee: War axe           |    66 |     7 |       |       ||    73
         Morningstar       |       |   223 |   163 |   108 ||   494
 Invoke: Convert to Beogh  |       |     1 |       |       ||     1
  Evoke: Wand              |       |    21 |    30 |     8 ||    59
    Use: Scroll            |       |     9 |     7 |     3 ||    19
         Potion            |       |     1 |     1 |     5 ||     7
 Armour: Scale mail        |    49 |   145 |       |       ||   194
         Chain mail        |       |   130 |   156 |   131 ||   417
         Skin              |       |       |       |     1 ||     1
  Dodge: Dodged            |    31 |   130 |    58 |    68 ||   287
  Block: Buckler           |    18 |    91 |    62 |    62 ||   233
         Tower shield      |       |       |       |    29 ||    29

Table legend: (Time is in decaauts)
 A = Elapsed time spent in this place.
 B = Non-inter-level travel time spent in this place.
 C = Inter-level travel time spent in this place.
 D = Time resting spent in this place.
 E = Time spent auto-exploring this place.
 F = Levels seen in this place.
 G = Mean time per level.
                   A        B        C        D        E       F      G
               +--------+--------+--------+--------+--------+-----+--------+
         Total |   8623 |   8473 |    150 |    643 |   5998 |   9 |  958.1 |
       Dungeon |   8438 |   8288 |    150 |    643 |   5897 |   8 | 1054.8 |
       Ossuary |    184 |    184 |      0 |      0 |    101 |   1 |  184.0 |
               +--------+--------+--------+--------+--------+-----+--------+

Top non-repeatable levels by time:
     D:3: 1534 daAuts
     D:7: 1497 daAuts
     D:8: 1146 daAuts
     D:2: 1036 daAuts
     D:4: 980 daAuts
     D:5: 782 daAuts
     D:6: 733 daAuts
     D:1: 728 daAuts
 Ossuary: 184 daAuts
